 Dungeon Crawl Stone Soup version 0.27-a0-1193-g8631133539 (webtiles) character file.

Game seed: 16734953940904370689

280 wakim the Insei (level 6, -3/38 HPs)
             Began as an Octopode Transmuter on May 26, 2021.
             Killed by nerve-wracking pain
             ... invoked by Grinder
              (11 damage)
             ... on level 4 of the Dungeon.
             The game lasted 00:13:15 (5204 turns).

wakim the Insei (Octopode Transmuter)               Turns: 5204, Time: 00:13:15

Health: -3/38      AC:  1    Str:  9    XL:     6   Next: 27%
Magic:  9/9        EV: 18    Int: 15    God:
Gold:   156        SH:  0    Dex: 15    Spells: 5/9 levels left

rFire    + . .     SeeInvis .     - Unarmed
rCold    . . .     Faith    .   (no shield)
rNeg     . . .     Spirit   .   (helmet restricted)
rPois    .         Reflect  .   (no amulet)
rElec    .         Harm     .   e - ring of protection from fire
rCorr    .         Rampage  .   f - +4 ring of evasion
Will     .....                  (no ring)
Stlth    +++.......             (no ring)
HPRegen  0.12/turn              (no ring)
MPRegen  0.11/turn              (no ring)
                                (no ring)
                                (no ring)

@: no status effects
A: almost no armour, amphibious, 8 rings, camouflage 1, gelatinous body 1,
(nimble swimmer 1), tentacles
a: no special abilities


You were on level 4 of the Dungeon.
You visited 1 branch of the dungeon, and saw 4 of its levels.

You collected 156 gold pieces.

Inventory:

Missiles
 c - 8 atropa-tipped darts
Jewellery
 e - a ring of protection from fire (left tentacle)
 f - a +4 ring of evasion (right tentacle)
Potions
 a - a potion of invisibility {unknown}
 b - a potion of attraction {unknown}
 d - a potion of flight {unknown}
 g - a potion of cancellation {unknown}
 h - a potion of lignification {unknown}
 A - 2 potions of ambrosia
 C - a potion of berserk rage {!q}
 D - a potion of brilliance
 J - a potion of heal wounds


   Skills:
 - Level 1.0 Fighting
 + Level 3.5 Dodging
 - Level 3.0 Stealth
 + Level 4.6 Unarmed Combat
 - Level 2.0 Spellcasting
 * Level 3.7 Transmutations


You had 5 spell levels left.
You knew the following spells:

 Your Spells              Type           Power      Damage    Failure   Level
a - Beastly Appendage     Tmut           24%        N/A       4%          1
x - Spider Form           Tmut/Pois      3%         N/A       30%         3

Your spell library contained the following spells:

 Spells                   Type           Power      Damage    Failure   Level
 Wereblood                Tmut           12%        N/A       8%          2
 Ice Form                 Ice/Tmut       7%         N/A       71%         4
 Hydra Form               Tmut           6%         N/A       80%         5


Dungeon Overview and Level Annotations

Branches:
Dungeon (4/15)
 Temple: D:4-7

Altars:
Sif Muna

Shops:
D:4 [:

Annotations:
D:3 Sigmund
D:4 Grinder


Innate Abilities, Weirdness & Mutations

You cannot wear most types of armour.
You are amphibious.
You can wear up to eight rings at the same time.
Your skin changes colour to match your surroundings (Stealth+).
Your rubbery body absorbs attacks. (AC +1, EV +1)
((You are camouflaged near water. (Stealth+)))
You have tentacles for arms and can constrict up to eight enemies at once.


Message History

You tentacle-slap the adder skeleton. x2
The adder skeleton is heavily damaged.
You constrict the adder skeleton. The adder skeleton bites you.
You tentacle-slap the adder skeleton.
You pierce the adder skeleton.
The adder skeleton is severely damaged.
Your tentacle spike disappears.
You constrict the adder skeleton.
The adder skeleton completely misses you.
You bludgeon the adder skeleton!
You destroy the adder skeleton!
HP restored.
An iguana comes into view.
The iguana hisses angrily.
Casting: Beastly Appendage (safe; 4% risk of failure)
Confirm with . or Enter, or press ? or * to list all spells.
One of your tentacles grows a vicious spike.
The iguana closely misses you.
You tentacle-slap the iguana. You grab the iguana.
Your squeeze misses the iguana.
The iguana is moderately wounded.
You constrict the iguana, but do no damage.
The iguana bites you!
You tentacle-slap the iguana but do no damage.
You pierce the iguana.
The iguana is heavily wounded.
You constrict the iguana, but do no damage.
The iguana bites you!
* * * LOW HITPOINT WARNING * * *
You tentacle-slap the iguana.
The iguana is heavily wounded.
You constrict the iguana. The iguana bites you!
* * * LOW HITPOINT WARNING * * *
You release your grip on the iguana.
The iguana completely misses you.
Your transformation is almost over.
Your tentacle spike disappears.
Grinder shouts!
Grinder gestures at you. Pain shoots through your body!
You die...

...#......####....## .
..........##.......#...##.
..#.#......#..#..........
.######....#.....#.###... .#.##
##...#.....### #..
....#####........# ... #.#....
....##.#.........### #.# #.....?
...................###.# ##.#....
##.....#.<......@#..##.## ..#....
##....##........##...#..###......
##....##.......l##......##.>.#...
......##...5....####....#.......#
......###..........#....#......##
........#..............##..###..#
...##.....................#####.#
...####..[.........#........##...
....#####....###.####..###.......


You could see Grinder and an iguana.

Vanquished Creatures
  A phantom (D:3)
  A jelly (D:4)
  A centaur skeleton (D:4)
  An iguana (D:4)
  Robin (D:3)
  2 adders (D:2)
  An adder skeleton (D:4)
  A worm (D:2)
  4 dart slugs
  3 ball pythons
  9 endoplasms
  2 giant cockroaches
  16 goblins
  7 hobgoblins
  8 jackals
  5 kobolds
  4 quokkas
  A frilled lizard (D:1)
  A quokka skeleton (D:4)
  5 rats
74 creatures vanquished.

Vanquished Creatures (others)
  33 plants (D:2)
33 creatures vanquished.

Grand Total: 107 creatures vanquished

Notes
Turn   | Place    | Note
-------+----------+-------------------------------------------
     0 | D:1      | wakim the Octopode Transmuter began the quest for the Orb.
     0 | D:1      | Reached XP level 1. HP: 13/13 MP: 3/3
    37 | D:1      | Reached skill level 1 in Stealth
   408 | D:1      | Reached XP level 2. HP: 18/18 MP: 3/5
   591 | D:1      | Found a faded altar of an unknown god.
  1007 | D:2      | Reached XP level 3. HP: 23/23 MP: 4/6
  1587 | D:2      | Reached XP level 4. HP: 21/28 MP: 5/7
  1930 | D:2      | Reached skill level 4 in Unarmed Combat
  2329 | D:2      | Learned a level 3 spell: Spider Form
  2330 | D:3      | Noticed Robin
  3042 | D:3      | Killed Robin
  3325 | D:3      | Noticed Sigmund
  3768 | D:3      | Found a shimmering blue altar of Sif Muna.
  3872 | D:4      | Found Qoyph's Armour Boutique.
  3888 | D:4      | Reached XP level 5. HP: 16/33 MP: 6/8
  4064 | D:4      | Found Xabb's Book Shop.
  4115 | D:4      | Noticed a phantom
  4260 | D:3      | Killed a phantom
  4479 | D:4      | Noticed Grinder
  4515 | D:3      | Reached XP level 6. HP: 14/38 MP: 7/9
  4766 | D:4      | Paralysed by Grinder for 6 turns
  4780 | D:4      | Paralysed by Grinder for 5 turns
  5204 | D:4      | Killed from afar by Grinder

Illustrated notes

Levels and vault maps discovered:
D:1:      roderic_chinese_lattice_arrival, layout_rooms,
          hellmonk_ecumenical_altar_leap_of_faith
D:2:      layout_loops_ring, serial_bayou, serial_bayou_pond_d,
          serial_bayou_pond_a, serial_bayou_pond_b, serial_bayou_lagoon_b
D:3:      layout_loops_ring, lemuel_tele_altar, uniq_sigmund, uniq_robin
D:4:      layout_cave_pools, serial_shops, nicolae_shop_statue_plus,
          kennysheep_mini_moat, minmay_misc_feat_room, uniq_grinder

Skill      XL: |  1  2  3  4  5 |
---------------+----------------+-----
Stealth        | 1 2 3 |  3.0
Unarmed Combat | 4 |  4.6
Dodging        | 3 |  3.5
Transmutations | 3 |  3.7
Fighting       | |  1.0
Spellcasting   | |  2.0

Action                   |  1- 3 |  4- 6 || total
-------------------------+-------+-------++-------
Melee: Unarmed           |    71 |   106 ||   177
       Kick              |    18 |    26 ||    44
       Tentacles         |    12 |    17 ||    29
       Constrict         |    18 |    24 ||    42
       Punch             |     4 |     6 ||    10
 Cast: Beastly Appendage |    20 |    28 ||    48
       Spider Form       |       |     1 ||     1
  Use: Scroll            |     6 |     2 ||     8
 Stab: Sleeping          |     5 |     9 ||    14
Armor: Skin              |     4 |     4 ||     8
Dodge: Dodged            |    35 |    73 ||   108

Table legend: (Time is in decaauts)
 A = Elapsed time spent in this place.
 B = Non-inter-level travel time spent in this place.
 C = Inter-level travel time spent in this place.
 D = Time resting spent in this place.
 E = Time spent auto-exploring this place.
 F = Levels seen in this place.
 G = Mean time per level.
                   A        B        C        D        E       F      G
               +--------+--------+--------+--------+--------+-----+--------+
         Total |   5200 |   5033 |    167 |    817 |   3298 |   4 | 1300.0 |
       Dungeon |   5200 |   5033 |    167 |    817 |   3298 |   4 | 1300.0 |
               +--------+--------+--------+--------+--------+-----+--------+

Top non-repeatable levels by time:
     D:2: 2272 daAuts
     D:3: 1415 daAuts
     D:1: 887 daAuts
     D:4: 625 daAuts
